AoeStats
← Matthis

Nomad

511021830Analyzed
3v3 RM · 9h ago on Oct 3, 2026· 50m 27s· 6 players
Game mode
Random Map
Map size
210×210
Population
200
Speed
Normal
Resources
Standard
Victory
Conquest
Starting age
Dark Age
Ending age
Imperial Age
RankedLock teamsTeams togetherTeam positionsShared explorationLock speedFull tech treeHidden civsTurbo modeCheats
Victory
Defeat
🇧🇪 Goths · Belgium
1372
+20
🇧🇪 Italians · Belgium
1372
+20
🇧🇪 Hindustanis · Belgium
1351
+20
🇨🇳 Italians · China
1569
-25
🇹🇼 Koreans · Taiwan
1485
-21
🇨🇳 Franks · China
1315
-14
Sky
4:53 Loom
13:35 Feudal Age
17:29 Castle Age
17:43 Double-Bit Axe
17:55 Elite Skirmisher
18:55 Gold Mining
19:37 Fletching
20:26 Horse Collar
25:21 Padded Archer Armor
26:22 Redemption
27:07 Thumb Ring
28:20 Bow Saw
32:02 Sanctity
32:27 Bodkin Arrow
38:08 Imperial Age
36:46 Scale Mail Armor
36:54 Heavy Plow
38:38 Wheelbarrow
38:29 Squires
39:49 Chain Mail Armor
39:59 Siege Engineers
41:24 Grand Trunk Road
41:47 Conscription
42:06 Forging
42:55 Hand Cart
42:35 Elite Ghulam
46:04 Gold Shaft Mining
47:58 Chemistry
50:42 Iron Casting
Matthis
4:47 Loom
14:52 Feudal Age
14:56 Man-at-Arms
15:22 Town Watch
17:01 Forging
16:58 Horse Collar
17:45 Fletching
19:35 Wheelbarrow
19:07 Scale Mail Armor
28:02 Castle Age
27:56 Double-Bit Axe
28:17 Long Swordsman
29:16 Chain Mail Armor
29:29 Squires
30:40 Iron Casting
31:00 Gold Mining
35:31 Heavy Plow
44:19 Imperial Age
43:52 Masonry
44:44 Anarchy
45:26 Conscription
45:10 Perfusion
46:23 Hand Cart
48:46 Ballistics
48:25 Bodkin Arrow
Pizzaboy4you44
3:12 Loom
12:15 Feudal Age
19:47 Castle Age
18:52 Double-Bit Axe
19:20 Horse Collar
20:51 Medium Warships
20:01 Demolition Ship
21:32 Bow Saw
25:54 Fletching
30:18 Padded Archer Armor
30:24 Bodkin Arrow
34:28 Guard Tower
39:08 Imperial Age
39:12 Ballistics
42:30 Chemistry
教授
11:07 Loom
13:06 Feudal Age
16:59 Castle Age
16:02 Gold Mining
17:10 Double-Bit Axe
17:55 Medium Warships
20:18 Fletching
22:05 Bodkin Arrow
23:02 Padded Archer Armor
24:49 Leather Archer Armor
27:27 Bow Saw
34:59 Imperial Age
35:43 Wheelbarrow
35:37 Ballistics
37:55 Chemistry
39:13 Ring Archer Armor
38:43 Bracer
39:37 Masonry
40:22 Ring Archer Armor
41:32 Town Watch
43:18 Forging
45:59 Squires
45:45 Arson
47:45 Two-Man Saw
46:48 Capped Ram
47:46 Horse Collar
菜就怪隊友
4:39 Loom
13:58 Feudal Age
15:03 Double-Bit Axe
23:57 Castle Age
23:37 Fletching
26:01 Bodkin Arrow
36:01 Wheelbarrow
52:56 Imperial Age
我是D头大哥
3:56 Loom
14:32 Feudal Age
21:03 Castle Age
48:34 Double-Bit Axe
Connection lost

Rejoining the realm…

Still unreachable

The connection could not be restored.

Session expired

The server has moved on; the page needs a fresh start.